 Dungeon Crawl Stone Soup version 0.30-a0-475-g03497ec522 (webtiles) character file.

Game seed: 10810089779824074726

156 greenreed the Digger (level 5, -12/28 HPs)
             Began as a Gargoyle Earth Elementalist on Dec 20, 2022.
             Killed by divine providence
             ... invoked by an orc priest
              (15 damage)
             ... on level 4 of the Dungeon.
             The game lasted 00:03:21 (2910 turns).

greenreed the Digger (Gargoyle Earth Elementalist)  Turns: 2910, Time: 00:03:21

Health: -12/28     AC:  8    Str: 11    XL:     5   Next: 37%
Magic:  6/9        EV: 12    Int: 18    God:
Gold:   226        SH:  0    Dex: 10    Spells: 9/10 levels left

rFire   . . .      SeeInvis .    (no weapon)
rCold   . . .      Faith    .    (no shield)
rNeg    + . .      Spirit   .    a - +0 robe
rPois   ∞          Reflect  .    (no helmet)
rElec   +          Harm     .    c - +0 cloak
rCorr   .          Rampage  .    (no gloves)
Will    .....                    g - +0 pair of boots
Stlth   ++........               (no amulet)
HPRegen 0.24/turn                (no ring)
MPRegen 0.11/turn                (no ring)

@: no status effects
A: sickness immunity, AC +4, negative energy resistance 1, electricity
resistance, torment resistance 1, petrification resistance
a: no special abilities


You were on level 4 of the Dungeon.
You visited 1 branch of the dungeon, and saw 4 of its levels.

You collected 226 gold pieces.

Inventory:

Missiles
 p - a throwing net
Armour
 a - a +0 robe (worn)
 c - a +0 cloak (worn)
 g - a +0 pair of boots (worn)
Jewellery
 o - an amulet of guardian spirit
 t - a ring of flight
Scrolls
 d - a scroll of blinking {unknown}
 f - a scroll of poison {unknown}
 m - 2 scrolls of noise {unknown}
 q - a scroll of immolation {unknown}
 r - a scroll of identify {unknown}
 s - a scroll of vulnerability {unknown}
Potions
 b - 2 potions of magic
 e - 2 potions of lignification {unknown}
 h - a potion of heal wounds {unknown}
 i - a potion of attraction {unknown}
 j - a potion of haste {unknown}
 k - 2 potions of mutation {unknown}
 l - a potion of curing {unknown}
 n - 2 potions of invisibility {unknown}


   Skills:
 + Level 1.7 Dodging
 + Level 2.5 Stealth
 * Level 3.2 Spellcasting
 + Level 0.7 Transmutations
 * Level 5.9 Earth Magic


You had 9 spell levels left.
You knew the following spells:

 Your Spells              Type           Power      Damage    Failure   Level
a - Sandblast             Erth           48%        2d12      1%          1

Your spell library contained the following spells:

 Spells                   Type           Power      Damage    Failure   Level
 Passwall                 Tmut/Erth      11%        N/A       6%          2
 Stone Arrow              Conj/Erth      26%        3d8       14%         3
 Petrify                  Tmut/Erth      14%        N/A       38%         4


Dungeon Overview and Level Annotations

Branches:
Dungeon (4/15)
 Temple: D:4-7

Altars:
Hepliaklqana


Innate Abilities, Weirdness & Mutations

You are immune to sickness and miasma.
Your stone body is resilient. (AC +4)
You are immune to poison.
You resist negative energy. (rN+)
You are resistant to electric shocks. (rElec)
You are resistant to unholy torment.
You are immune to petrification.


Message History

As you open the door, it creaks loudly!
There is an open door here.
An orc comes into view. It is wielding a +0 dagger.
An orc priest and an orc come into view.
The orc priest is wielding a +1 vampiric hand axe.
The orc shouts! x2; The orc priest shouts!
You hear a shout! x2 2 orcs come into view.
The orc shouts!
An orc wizard comes into view. It is wielding a +0 dagger.
The blast of sand misses the orc.
The blast of sand hits the orc!
You kill the orc!
The orc wizard shouts!
You hear a shout!
The orc priest invokes the aid of Beogh against you.
Beogh smites you!
The blast of sand hits the orc!
You kill the orc!
An orc priest comes into view. It is wielding a +0 flail.
An endoplasm comes into view.
An orc wizard comes into view. It is wielding a +0 dagger.
The orc priest moves out of view.
The blast of sand hits the endoplasm.
The endoplasm is severely wounded.
The orc wizard mumbles some strange words.
The orc wizard flickers and vanishes!
Deactivating autopickup; reactivate with Ctrl-A.
A kobold brigand comes into view.
It is wielding a +0 club and quivering poisoned darts.
The endoplasm hits you but does no damage.
You hear a shout!
The kobold brigand shouts!
An orc comes into view. It is wielding a +0 dagger.
The orc priest attacks as you move away!
The orc priest hits you but does no damage.
The orc priest calls down the wrath of Beogh upon you.
Beogh smites you!
Ouch! That really hurt!
* * * LOW HITPOINT WARNING * * *
The endoplasm attacks as you move away! The endoplasm barely misses you.
The orc priest mumbles some strange prayers to Beogh against you.
Beogh smites you!
Ouch! That really hurt!
You die...

..........................#
................>########.#
.############...## #.# ##
###.#### #.# #......# #.# .
#......# #.#
....#..K...#### #.#
..oo').o.J....# #.#
....#.####@...#####.# . #
#..........# ############


You could see a kobold brigand, an orc priest, an orc and an endoplasm.

Vanquished Creatures
  7 adders
  2 worms
  2 dart slugs
  5 orcs
  6 ball pythons
  5 bats
  5 endoplasms
  4 giant cockroaches
  7 goblins
  4 hobgoblins
  4 jackals (D:2)
  5 quokkas
  4 frilled lizards
  5 kobolds
  8 rats
  A spectral orc (D:3)
74 creatures vanquished.

Notes
Turn   | Place    | Note
-------+----------+-------------------------------------------
     0 | D:1      | greenreed the Gargoyle Earth Elementalist began the quest
                  | for the Orb.
     0 | D:1      | Reached XP level 1. HP: 10/10 MP: 3/3
   264 | D:1      | Reached XP level 2. HP: 15/15 MP: 3/5
   423 | D:1      | Reached skill level 4 in Earth Magic
   878 | D:2      | Reached XP level 3. HP: 19/19 MP: 1/6
  1108 | D:2      | Found a faded altar of an unknown god.
  1114 | D:2      | Reached skill level 5 in Earth Magic
  1124 | D:2      | Reached XP level 4. HP: 22/24 MP: 0/7
  2261 | D:3      | Reached XP level 5. HP: 28/28 MP: 7/9
  2464 | D:3      | Found a hazy altar of Hepliaklqana.
  2907 | D:4      | Noticed a kobold brigand
  2910 | D:4      | Killed from afar by an orc priest

Illustrated notes

Levels and vault maps discovered:
D:1:      sevenhm_arrival_forest_fort_small_5, layout_loops_cross,
          minmay_misc_feat_iff
D:2:      layout_loops_cross, nicolae_ecumenical_snake_handling
D:3:      layout_rooms, nicolae_hepliaklqana_monster_ancestors
D:4:      layout_basic, nicolae_tso_besieged_by_evil,
          minmay_temple_entry_crystal_x, kennysheep_potato

Skill      XL: |  1  2  3  4 |
---------------+-------------+-----
Earth Magic    | 4 5 |  5.9
Spellcasting   | 3 |  3.2
Dodging        | |  1.7
Stealth        | |  2.5
Transmutations | |  0.7

Action                   |  1- 3 |  4- 6 || total
-------------------------+-------+-------++-------
Melee: Unarmed           |     7 |     3 ||    10
 Cast: Sandblast         |    42 |    63 ||   105
Armor: Robe              |     4 |     8 ||    12
Dodge: Dodged            |    14 |    10 ||    24

Table legend: (Time is in decaauts)
 A = Elapsed time spent in this place.
 B = Non-inter-level travel time spent in this place.
 C = Inter-level travel time spent in this place.
 D = Time resting spent in this place.
 E = Time spent auto-exploring this place.
 F = Levels seen in this place.
 G = Mean time per level.
                   A        B        C        D        E       F      G
               +--------+--------+--------+--------+--------+-----+--------+
         Total |   2970 |   2845 |    125 |      0 |   2478 |   4 |  742.5 |
       Dungeon |   2970 |   2845 |    125 |      0 |   2478 |   4 |  742.5 |
               +--------+--------+--------+--------+--------+-----+--------+

Top non-repeatable levels by time:
     D:2: 1095 daAuts
     D:1: 887 daAuts
     D:3: 855 daAuts
     D:4: 133 daAuts
